 Dungeon Crawl Stone Soup version 0.17.0-28-g6e173f8 (webtiles) character file.

1562 coffecat the Archer (level 8, -2/66 HPs)
             Began as a Minotaur Hunter on Nov 28, 2015.
             Slain by a wraith (8 damage)
             ... on level 10 of the Dungeon.
             The game lasted 00:48:24 (5381 turns).

coffecat the Archer (Minotaur Hunter)               Turns: 5381, Time: 00:48:24

Health: -2/66      AC: 11    Str: 17    XL:     8   Next: 58%
Magic:  7/7        EV: 14    Int:  8    God:
Gold:   228        SH:  0    Dex: 13    Spells: 0 memorised, 7 levels left

rFire  . . .     SeeInvis .     e - +0 dagger (speed)
rCold  . . .     Clarity  .     g - +2 chain mail
rNeg   . . .     SustAt   .     (no shield)
rPois  .         Gourm    .     (helmet restricted)
rElec  .         Spirit   .     (no cloak)
rCorr  .         Warding  .     (no gloves)
rMut   .         Stasis   .     (no boots)
MR     .....                    (no amulet)
Stlth  ..........               n - +5 ring of evasion
                                A - ring of stealth

@: slowed, very slow, not resistant to hostile enchantments, extremely
unstealthy
A: retaliatory headbutt, horns 2
a: no special abilities


You were on level 10 of the Dungeon.
You were hungry.

You visited 1 branch of the dungeon, and saw 10 of its levels.

You collected 228 gold pieces.

Inventory:

Hand Weapons
 a - a +1 shortbow
 e - a +0 dagger of speed (weapon)
 f - a +4 dagger
 y - a +2 longbow of flaming
Missiles
 d - 11 arrows
 m - 9 arrows of flame
Armour
 g - a +2 chain mail (worn)
 k - a +0 plate armour
Jewellery
 j - an uncursed ring of magical power
 n - a +5 ring of evasion (right hand)
 q - a +5 ring of strength
 A - a ring of stealth (left hand)
Wands
 u - a wand of digging (10)
Scrolls
 r - a scroll of random uselessness
 x - a scroll of remove curse
Potions
 b - a potion of resistance {unknown}
 h - a potion of cure mutation {unknown}
 o - 2 potions of might {unknown}
 v - 2 potions of lignification
 z - a potion of mutation {unknown}
Comestibles
 c - a meat ration
 l - 3 fruits


   Skills:
 + Level 3.7 Fighting
 + Level 1.2 Short Blades
 + Level 9.1 Bows
 + Level 5.1 Armour
 + Level 4.7 Dodging
 * Level 4.1 Stealth


You had 7 spell levels left.
You didn't know any spells.

Dungeon Overview and Level Annotations

Branches:
Dungeon (10/15)              Lair (0/8) D:9
 Temple: D:4-7          Orc: D:9-12

Altars:
Ashenzari
Cheibriados
Elyvilon
Kikubaaqudgha
Qazlal
Xom

Shops:
D:8 (   D:10 :

Annotations:
D:4 Nicoed's ghost, amateur DrTm


Innate Abilities, Weirdness & Mutations

You reflexively headbutt those who attack you in melee.
You have a pair of horns on your head.


Message History

Read which item? (? for menu, Esc to quit)
Okay, then.
The wraith hits you.
* * * LOW HITPOINT WARNING * * *
The wraith drains your vigour!
You feel as though you will be slow longer.
* * * LOW HITPOINT WARNING * * *
You closely miss the wraith.
You headbutt the wraith, but do no damage.
The wraith is almost destroyed.
The wraith closely misses you.
You closely miss the wraith. Your headbutt misses the wraith.
The wraith is almost destroyed.
The wraith closely misses you. You furiously retaliate!
You headbutt the wraith, but do no damage.
You hit the wraith but do no damage.
You headbutt the wraith, but do no damage.
The wraith is almost destroyed.
The wraith hits you!
You die...

#.......∩..
#......⌠.⌠..
#...........
#...........
#........
#......##
#......##
#W.......
#@.......
#........
#........
#........
#........
#......##
#......#
#.......


You could see a wraith.

Vanquished Creatures
  A hippogriff (D:8)
  A water moccasin (D:6)
  A black bear (D:9)
  2 ice beasts
  2 ogres (D:5)
  A centaur (D:6)
  A scorpion (D:6)
  2 killer bees (D:10)
  2 jellies
  Ijyb (D:3)
  4 hounds
  Natasha (twice) (D:3)
  2 iguanas
  4 worker ants
  5 orc wizards
  2 hound zombies (D:5)
  5 adders
  3 shadow imps
  An ooze (D:2)
  2 worms (D:2)
  4 giant geckos
  8 orcs
  3 giant cockroaches
  4 hobgoblins
  9 jackals
  A quokka (D:8)
  4 bats
  A giant newt (D:7)
  10 goblins
  A jackal zombie (D:6)
  9 kobolds
  7 rats
  A plant (D:1)
106 creatures vanquished.

Notes
Turn   | Place    | Note
--------------------------------------------------------------
     0 | D:1      | coffecat the Minotaur Hunter began the quest for the Orb.
     0 | D:1      | Reached XP level 1. HP: 18/18 MP: 0/0
   241 | D:1      | Reached XP level 2. HP: 25/25 MP: 1/1
   406 | D:1      | Reached skill level 5 in Bows
   480 | D:2      | Reached XP level 3. HP: 14/30 MP: 2/2
   711 | D:2      | Reached skill level 1 in Armour
  1009 | D:3      | Noticed Natasha
  1365 | D:2      | Reached XP level 4. HP: 37/37 MP: 3/3
  1668 | D:2      | Reached skill level 6 in Bows
  1833 | D:3      | Reached skill level 1 in Stealth
  1833 | D:3      | Reached XP level 5. HP: 44/44 MP: 4/4
  2133 | D:3      | Noticed Ijyb
  2161 | D:3      | Killed Ijyb
  2355 | D:3      | Killed Natasha
  2360 | D:3      | Noticed Natasha
  2368 | D:3      | Killed Natasha
  2401 | D:3      | Found a white marble altar of Elyvilon.
  2401 | D:3      | Found an ancient bone altar of Kikubaaqudgha.
  2401 | D:3      | Found a shattered altar of Ashenzari.
  2401 | D:3      | Found a shimmering altar of Xom.
  2416 | D:3      | Found a snail-covered altar of Cheibriados.
  2416 | D:3      | Found a stormy altar of Qazlal.
  2529 | D:4      | Reached XP level 6. HP: 45/51 MP: 5/5
  2616 | D:4      | Noticed Nicoed's ghost (amateur DrTm)
  2689 | D:5      | Entered Level 5 of the Dungeon
  3094 | D:5      | Reached skill level 7 in Bows
  3627 | D:5      | Reached XP level 7. HP: 22/57 MP: 6/6
  4588 | D:6      | Reached skill level 8 in Bows
  4588 | D:6      | Reached XP level 8. HP: 52/64 MP: 7/7
  5034 | D:8      | Reached skill level 1 in Short Blades
  5063 | D:8      | Found Foriaqocymn's Weapon Shop.
  5218 | D:9      | Found a staircase to the Lair.
  5237 | D:9      | Reached skill level 5 in Armour
  5335 | D:10     | Entered Level 10 of the Dungeon
  5335 | D:10     | Found Nipof's Book Boutique.
  5336 | D:10     | Reached skill level 9 in Bows
  5381 | D:10     | Slain by a wraith

Action                   |  1- 3 |  4- 6 |  7- 9 || total
-------------------------+-------+-------+-------++-------
Melee: Shortbow          |    43 |       |       ||    43
       Short sword       |       |     5 |       ||     5
       Dagger            |       |    80 |    93 ||   173
 Fire: Shortbow          |    77 |   118 |    79 ||   274
       Longbow           |       |       |     7 ||     7
  Use: Scroll            |     4 |     4 |     9 ||    17
       Potion            |       |     8 |     4 ||    12
  Eat: Fruit             |     1 |     1 |       ||     2
       Bread ration      |     1 |       |       ||     1
       Meat ration       |       |     1 |       ||     1
       Royal jelly       |       |       |     1 ||     1
